 Dungeon Crawl Stone Soup version 0.31-a0-195-g7586a6f1e9 (webtiles) character file.

Game seed: 6321720812642750644

35 qw the Shooter (level 3, 0/20 HPs)
             Began as a Deep Elf Hunter on June 24, 2023.
             Slain by a hobgoblin (1 damage)
             ... led by Robin
             ... on level 2 of the Dungeon.
             The game lasted 00:00:22 (854 turns).

qw the Shooter (Deep Elf Hunter)                     Turns: 854, Time: 00:00:23

Health: 0/20       AC:  6    Str: 10    XL:     3   Next: 16%
Magic:  5/5        EV:  9    Int: 13    God:
Gold:   46         SH:  0    Dex: 18    Spells: 2/2 levels left

rFire   . . .        Y - +0 shortbow
rCold   . . .        (shield currently unavailable)
rNeg    . . .        f - +0 scale mail
rPois   .            (no helmet)
rElec   .            (no cloak)
rCorr   .            (no gloves)
SInv    .            (no boots)
Will    .....        (no amulet)
Stlth   +            (no ring)
HPRegen 0.23/turn    (no ring)
MPRegen 0.09/turn

%: no passive effects
@: no status effects
A: no striking features
a: no special abilities


You were on level 2 of the Dungeon.
You visited 1 branch of the dungeon, and saw 2 of its levels.

You collected 46 gold pieces.


   Skills:
 - Level 1.5 Fighting
 + Level 6.7 Ranged Weapons
 - Level 2.4 Dodging
 - Level 1.2 Stealth


You had 2 spell levels left.
You didn't know any spells.
Your spell library was empty.

Inventory:

Hand Weapons
 Y - a +0 shortbow (weapon)
Armour
 f - a +0 scale mail (worn)
Jewellery
 i - a ring of fire
Potions
 d - a potion of invisibility {unknown}
 h - a potion of might {unknown}
 k - a potion of curing {unknown}

Dungeon Overview and Level Annotations

Branches:
Dungeon (2/15)

Altars:

Annotations:
D:2 Natasha, Terence


Message History

834 ||| FLEEEEING.
835 ||| FLEEEEING.
836 ||| FLEEEEING.
Terence screams, "I'm going to kill you!"
837 ||| FLEEEEING.
838 ||| FLEEEEING.
839 ||| FLEEEEING.
840 ||| STILL FLEEEEING.
841 ||| FLEEEEING.
842 ||| FLEEEEING.
843 ||| FLEEEEING.
844 ||| FLEEEEING.
845 ||| FLEEEEING.
846 ||| FLEEEEING.
847 ||| FLEEEEING.
You shoot an arrow. The arrow barely misses the goblin.
The goblin hits you with a +0 dagger.
You shoot an arrow. The arrow hits the goblin!
You kill the goblin!
You shoot an arrow.
The arrow hits the rat but does no damage.
The rat bites you but does no damage.
You shoot an arrow. The arrow hits the rat.
You kill the rat!
Terence hits you but does no damage.
You shoot an arrow.
The arrow hits Terence but does no damage.
Terence barely misses you.
You shoot an arrow. The arrow hits Terence.
Terence is moderately wounded.
Terence zaps a wand.
The puff of flame hits you!
Ouch! That really hurt!
The hobgoblin hits you but does no damage.
You shoot an arrow. The arrow barely misses Terence.
The arrow hits the hobgoblin.
The hobgoblin is moderately wounded.
Terence closely misses you.
The rat twitches its whiskers.
Terence zaps a wand.
The puff of flame hits you! The hobgoblin hits you.
You die...

###......... #.#
......)..## #.#
#.###..#.# #.#
@......#.# #.#
.#.###.#.# #.#
.#..##@#.##### #.#
..#.#...r....# #.#
#.#....#.#.#.#######.#
#.###....#.#.r.@@....#
#. ......#.#...gg#####
#####...>#.#####.#
#..###.......# #..#
######### .... #..#


You could see Terence, 2 hobgoblins and a rat.

Vanquished Creatures
  A dart slug (D:1)
  2 ball pythons (D:1)
  4 goblins
  3 hobgoblins
  4 jackals (D:1)
  2 quokkas (D:1)
  3 bats (D:1)
  6 frilled lizards (D:1)
  2 kobolds (D:1)
  3 rats
30 creatures vanquished.

Notes
Turn   | Place    | Note
-------+----------+-------------------------------------------
     0 | D:1      | qw the Deep Elf Hunter began the quest for the Orb.
     0 | D:1      | Reached XP level 1. HP: 12/12 MP: 3/3
     0 | D:1      | 0 ||| qw: Version: 0.3-a-9-g12657ce
     0 | D:1      | 0 ||| qw: Game counter: 4746
     0 | D:1      | 0 ||| qw: Always use a shield: true
     0 | D:1      | 0 ||| qw: God list: Okawaru
     0 | D:1      | 0 ||| qw: Allow faded altars: false
     0 | D:1      | 0 ||| qw: Do Orc after D:15 true
     0 | D:1      | 0 ||| qw: Do second Lair branch before Depths: true
     0 | D:1      | 0 ||| qw: Lair rune preference: random
     0 | D:1      | 0 ||| qw: Plans: Normal
     0 | D:1      | 0 ||| PLANNING D:1-11
   120 | D:1      | Reached skill level 6 in Ranged Weapons
   120 | D:1      | Reached XP level 2. HP: 16/16 MP: 4/4
   345 | D:1      | Reached XP level 3. HP: 20/20 MP: 5/5
   698 | D:1      | 698 ||| UPGRADING to +0 scale mail.
   708 | D:1      | 708 ||| DROPPING +0 leather armour.
   709 | D:1      | 709 ||| READING scroll labelled REZA GOCUS JAURPHI.
   710 | D:1      | 710 ||| READING scroll labelled OXIFFU UKKUTEN.
   749 | D:1      | 749 ||| READING scroll labelled QOOMEMPENUCI.
   750 | D:1      | 750 ||| DROPPING scroll of butterflies.
   824 | D:2      | Noticed Terence
   826 | D:2      | Noticed Natasha
   827 | D:2      | 827 ||| FLEEEEING.
   828 | D:2      | 828 ||| FLEEEEING.
   829 | D:2      | 829 ||| FLEEEEING.
   830 | D:2      | 830 ||| FLEEEEING.
   831 | D:2      | 831 ||| FLEEEEING.
   832 | D:2      | 832 ||| FLEEEEING.
   833 | D:2      | 833 ||| FLEEEEING.
   834 | D:2      | 834 ||| FLEEEEING.
   835 | D:2      | 835 ||| FLEEEEING.
   836 | D:2      | 836 ||| FLEEEEING.
   837 | D:2      | 837 ||| FLEEEEING.
   838 | D:2      | 838 ||| FLEEEEING.
   839 | D:2      | 839 ||| FLEEEEING.
   841 | D:2      | 841 ||| FLEEEEING.
   842 | D:2      | 842 ||| FLEEEEING.
   843 | D:2      | 843 ||| FLEEEEING.
   844 | D:2      | 844 ||| FLEEEEING.
   845 | D:2      | 845 ||| FLEEEEING.
   846 | D:2      | 846 ||| FLEEEEING.
   847 | D:2      | 847 ||| FLEEEEING.
   854 | D:2      | HP: 1/20 [Terence/puff of flame (7)]
   854 | D:2      | Slain by a hobgoblin

Levels and vault maps discovered:
D:1:      minmay_arrival_three_doors, layout_basic, minmay_lizard_pond
D:2:      layout_basic, minmay_tromino_v7, uniq_robin, uniq_natasha,
          uniq_terence

Skill      XL: |  1 |
---------------+----+-----
Ranged Weapons | 6 |  6.7
Fighting       | |  1.5
Dodging        | |  2.4
Stealth        | |  1.2

Action                     || total
---------------------------++-------
   Fire: Shortbow          ||    83
    Use: Scroll            ||     3
 Armour: Leather armour    ||     6
         Scale mail        ||     3
  Dodge: Dodged            ||    31

Table legend:
 A = Non-vault XP
 B = Vault XP
 C = Vault XP percentage of total XP
 D = Non-vault monster count
 E = Vault monster count
 F = Vault count percentage of total count
                 A         B        C        D         E       F
            +---------+---------+-------+---------+---------+-------
      Total |      39 |      11 |  22.0 |      21 |       9 |  30.0
            +---------+---------+-------+---------+---------+-------
        D:1 |      39 |       6 |  13.3 |      21 |       6 |  22.2
        D:2 |       0 |       5 | 100.0 |       0 |       3 | 100.0
            +---------+---------+-------+---------+---------+-------
